 Dungeon Crawl Stone Soup version 0.30-a0-297-g0ec75d9ef4 (webtiles) character file.

Game seed: 4937956393084492555

513 purpskrrrp the Chopper (level 7, -8/61 HPs)
             Began as a Minotaur Fighter on Oct 18, 2022.
             Mangled by Duvessa
             ... wielding a +0 rapier
              (14 damage)
             ... on level 5 of the Dungeon.
             The game lasted 00:03:47 (3066 turns).

purpskrrrp the Chopper (Minotaur Fighter)           Turns: 3066, Time: 00:03:47

Health: -8/61      AC:  7    Str: 22    XL:     7   Next: 0%
Magic:  6/6        EV: 10    Int:  5    God:
Gold:   214        SH:  5    Dex: 10    Spells: 6/6 levels left

rFire   . . .      SeeInvis +    a - +0 war axe
rCold   . . .      Faith    .    c - +0 buckler
rNeg    . . .      Spirit   .    b - +0 scale mail
rPois   +          Reflect  .    (helmet restricted)
rElec   .          Harm     .    (no cloak)
rCorr   .          Rampage  .    (no gloves)
Will    .....                    (no boots)
Stlth   ..........               (no amulet)
HPRegen 0.30/turn                n - ring of see invisible
MPRegen 0.10/turn                j - ring of poison resistance

@: lit by a corona, glowing
A: horns 2, retaliatory headbutt
a: no special abilities


You were on level 5 of the Dungeon.
You visited 1 branch of the dungeon, and saw 5 of its levels.

You collected 214 gold pieces.

Inventory:

Hand Weapons
 a - a +0 war axe (weapon)
Armour
 b - a +0 scale mail (worn)
 c - a +0 buckler (worn)
Jewellery
 e - a ring of fire
 i - a ring of wizardry
 j - a ring of poison resistance (right hand)
 n - a ring of see invisible (left hand)
 w - a ring of ice
Wands
 p - a wand of mindburst (18)
Scrolls
 h - a scroll of silence
 m - 2 scrolls of enchant weapon {unknown}
 o - 2 scrolls of identify
 s - a scroll of magic mapping
 t - a scroll of blinking {unknown}
 u - a scroll of poison {unknown}
 v - 3 scrolls of enchant armour {unknown}
Potions
 d - 3 potions of might
 f - 2 potions of haste
 g - a potion of curing
 k - 2 potions of degeneration
 l - a potion of resistance
 q - a potion of berserk rage {unknown}
 r - 2 potions of brilliance {unknown}


   Skills:
 + Level 5.4 Fighting
 * Level 5.5 Axes
 + Level 5.2 Armour
 + Level 2.1 Dodging
 + Level 5.2 Shields


You had 6 spell levels left.
You didn't know any spells.
Your spell library contained the following spells:

 Spells                   Type           Power      Damage    Failure   Level
 Foxfire                  Conj/Fire      0%         2x1d4     86%         1
 Sting                    Tmut/Pois      0%         1d3       86%         1
 Poisonous Vapours        Pois/Air       0%         N/A       95%         2
 Olgreb's Toxic Radiance  Pois           0%         N/A       100%        4
 Fireball                 Conj/Fire      0%         3d3       100%        5
 Starburst                Conj/Fire      0%         6d3       100%        6


Dungeon Overview and Level Annotations

Branches:
Dungeon (5/15)
 Temple: D:4-7

Altars:
Ru

Annotations:
D:5 Duvessa


Innate Abilities, Weirdness & Mutations

You have a pair of horns on your head.
You reflexively headbutt those who attack you in melee.


Message History

You slash the adder!
You kill the adder!
Dowan points at you and mumbles some strange words.
You are outlined in light.
Dowan zaps a wand.
You resist with some effort.
The now-empty wand crumbles to dust.
Found 19 gold pieces.
Dowan hits you with a +5 dagger of electrocution.
You are electrocuted!
You slash Dowan!
Dowan is heavily wounded.
Dowan gestures at you while chanting. The puff of flame hits you.
You slash Dowan! Your headbutt misses Dowan.
Dowan is severely wounded.
Dowan gestures at you while chanting. The puff of flame hits you.
You hit Dowan.
You kill Dowan!
You hear a distant scream of rage.
You have reached level 7!
No target in view!
w - a ring of ice
Things that are here:
a +5 dagger of electrocution; a +2 robe of cold resistance
Things that are here:
a +5 dagger of electrocution; a +2 robe of cold resistance Duvessa, Sister of Dowan comes into view.
She is wielding a +0 rapier and wearing a +0 leather armour of cold resistance.
Duvessa goes berserk!
Duvessa rages.
You see here a scroll labelled GOWUET UWATH.
Duvessa attacks as you move away! Duvessa hits you with a +0 rapier!
Duvessa hits you with a +0 rapier!
* * * LOW HITPOINT WARNING * * *
Duvessa hits you with a +0 rapier!
* * * LOW HITPOINT WARNING * * *
An ufetubus comes into view.
You hit Duvessa.
Duvessa is lightly wounded.
You block Duvessa's attack. Duvessa hits you with a +0 rapier!
You die...

>.............#
...#.#....#...####
........#.#......####
##........#.#.##^...#
#
............#........
..
#####.#####.......#
... ... +.......+
.... ###.
#.).....########.....
#
#...@e..?.5...)......
#######.#########...$
#.# .. .$# ####


You could see Duvessa (berserk) and an ufetubus.

Vanquished Creatures
  2 scorpions (D:4)
  Dowan (D:5)
  3 hounds
  A jelly (D:5)
  An iguana (D:4)
  Robin (D:2)
  9 adders
  An ufetubus (D:5)
  2 worms
  A dart slug (D:3)
  4 orcs
  3 endoplasms
  3 giant cockroaches
  22 goblins
  6 hobgoblins
  7 jackals
  6 kobolds
  3 quokkas (D:1)
  10 ball pythons
  8 bats
  2 frilled lizards (D:2)
  5 rats
101 creatures vanquished.

Notes
Turn   | Place    | Note
-------+----------+-------------------------------------------
     0 | D:1      | purpskrrrp the Minotaur Fighter began the quest for the
                  | Orb.
     0 | D:1      | Reached XP level 1. HP: 19/19 MP: 0/0
   198 | D:1      | Found a faded altar of an unknown god.
   198 | D:1      | Noticed a blizzard demon
   313 | D:1      | Reached XP level 2. HP: 27/27 MP: 1/1
   666 | D:2      | Reached XP level 3. HP: 33/33 MP: 2/2
   670 | D:2      | Noticed Robin
   676 | D:2      | Killed Robin
   848 | D:2      | Reached XP level 4. HP: 33/41 MP: 3/3
  1080 | D:2      | Found a sacrificial altar of Ru.
  1766 | D:3      | Reached XP level 5. HP: 38/47 MP: 4/4
  2623 | D:4      | Reached skill level 1 in Dodging
  2660 | D:4      | Reached skill level 5 in Fighting
  2660 | D:4      | Reached XP level 6. HP: 54/56 MP: 5/5
  2759 | D:4      | Reached skill level 5 in Axes
  2759 | D:4      | Reached skill level 5 in Armour
  2759 | D:4      | Reached skill level 5 in Shields
  2939 | D:5      | Entered Level 5 of the Dungeon
  3041 | D:5      | Noticed Dowan
  3051 | D:5      | Killed Dowan
  3052 | D:5      | Reached XP level 7. HP: 33/61 MP: 6/6
  3056 | D:5      | Noticed Duvessa
  3066 | D:5      | Mangled by Duvessa

Illustrated notes

Levels and vault maps discovered:
D:1:      minmay_arrival_pointy, layout_basic,
          dreamdust_ecumenical_altar_sealed_demon
D:2:      layout_basic, basic_altar, uniq_robin
D:3:      layout_loops_cross, minmay_increasing_density
D:4:      layout_rooms, serial_corexii_hall, chequers_hall_statues_corner_a,
          chequers_hall_statues_corner_a, corexii_hall_statues_l,
          chequers_hall_statues_wall_a, chequers_hall_statues_wall_a,
          chequers_hall_statues_wall_a
D:5:      layout_basic, riverfiend_overflow_shadow_ancestor, uniq_duvessa

Skill      XL: |  1  2  3  4  5  6 |
---------------+-------------------+-----
Fighting       | 4 5 |  5.4
Armour         | 4 5 |  5.2
Axes           | 3 4 5 |  5.5
Shields        | 4 5 |  5.2
Dodging        | 1 2 |  2.1

Action                   |  1- 3 |  4- 6 |  7- 9 || total
-------------------------+-------+-------+-------++-------
Melee: War axe           |    77 |   120 |     1 ||   198
       Headbutt          |     9 |    18 |       ||    27
Throw: Boomerang         |     6 |       |       ||     6
  Use: Scroll            |     3 |     6 |       ||     9
Armor: Scale mail        |    47 |    60 |       ||   107
Dodge: Dodged            |    32 |    57 |       ||    89
Block: Buckler           |    21 |    23 |     1 ||    45

Table legend: (Time is in decaauts)
 A = Elapsed time spent in this place.
 B = Non-inter-level travel time spent in this place.
 C = Inter-level travel time spent in this place.
 D = Time resting spent in this place.
 E = Time spent auto-exploring this place.
 F = Levels seen in this place.
 G = Mean time per level.
                   A        B        C        D        E       F      G
               +--------+--------+--------+--------+--------+-----+--------+
         Total |   3137 |   3053 |     84 |    181 |   2315 |   5 |  627.4 |
       Dungeon |   3137 |   3053 |     84 |    181 |   2315 |   5 |  627.4 |
               +--------+--------+--------+--------+--------+-----+--------+

Top non-repeatable levels by time:
     D:3: 964 daAuts
     D:2: 764 daAuts
     D:4: 641 daAuts
     D:1: 636 daAuts
     D:5: 131 daAuts
